 Dungeon Crawl Stone Soup version 0.30-a0-358-g0d69a1922f (webtiles) character file.

Game seed: 14794058028149635290

112376 MackTheKnife the Lord of Darkness (level 16, -9/104 HPs)
             Began as a Tengu Necromancer on Nov 5, 2022.
             Was the Champion of Kikubaaqudgha.
             Succumbed to a sea snake's poison
             ... on level 1 of the Shoals on Nov 8, 2022.
             The game lasted 01:28:00 (29872 turns).

MackTheKnife the Lord of Darkness (TeNe)           Turns: 29872, Time: 01:28:00

Health: -9/104     AC: 15    Str:  7    XL:     16   Next: 60%
Magic:  9/29       EV: 18    Int: 23    God:    Kikubaaqudgha [******]
Gold:   913        SH:  0    Dex: 19    Spells: 8/31 levels left

rFire   . . .      SeeInvis .    K - +3 lajatang (pain)
rCold   . . .      Faith    .    (shield currently unavailable)
rNeg    . . .      Spirit   .    P - +2 ring mail of Abstinence {rElec rCorr}
rPois   .          Reflect  .    (helmet restricted)
rElec   +          Harm     .    f - +0 cloak
rCorr   +          Rampage  .    (no gloves)
Will    ++...                    (boots unavailable)
Stlth   +++.......               t - amulet of magic regeneration
HPRegen 0.37/turn                e - ring of willpower
MPRegen 0.61/turn                q - +4 ring of protection

@: lethally poisoned (-9 -> -100), flying quickly and evasively, very slightly
contaminated, quick
A: beak, talons 3, nimble flight, iridescent scales 1, agile 1
a: Renounce Religion, Unearth Wretches, Torment


You were on level 1 of the Shoals.
You worshipped Kikubaaqudgha.
Kikubaaqudgha was exalted by your worship.
You visited 6 branches of the dungeon, and saw 25 of its levels.
You also visited: Sewer and Gauntlet.

You collected 2004 gold pieces.
You spent 1091 gold pieces at shops.

Inventory:

Hand Weapons
 D - the +8 whip "Snakebite" {venom, curare, rPois}
   (You bought it in a shop on level 5 of the Dungeon)

   It poisons the flesh of those it strikes.
   It occasionally inflicts asphyxiating poison on those it strikes, dealing
   poison damage and causing slowness.
   rPois:     It protects you from poison.
 K - a +3 lajatang of pain (weapon)
   (You bought it in a shop on level 5 of the Dungeon)
 X - a +0 demon trident of electrocution
   (You found it on level 15 of the Dungeon)
Armour
 f - a +0 cloak (worn)
   (You found it on level 1 of the Dungeon)
 P - the +2 ring mail of Abstinence (worn) {rElec rCorr}
   (You bought it in a shop on level 2 of the Orcish Mines)

   rElec:     It insulates you from electricity.
   rCorr:     It protects you from acid and corrosion.
Magical Staves
 R - a staff of death {rN+}
   (You found it in a Gauntlet)
 S - a staff of conjuration {!a}
   (You took it off a minotaur in a Gauntlet)
Jewellery
 e - a ring of willpower (left hand)
   (You found it on level 3 of the Dungeon)
 i - an amulet of guardian spirit {Spirit}
   (You found it on level 13 of the Dungeon)
 q - a +4 ring of protection (right hand)
   (You found it on level 11 of the Dungeon)
 t - an amulet of magic regeneration (around neck)
   (You took it off Blork the orc on level 6 of the Dungeon)
 E - a ring of poison resistance {rPois, !d}
   (You found it on level 8 of the Dungeon)
 U - a ring of protection from fire {rF+, !d}
   (You found it on level 14 of the Dungeon)
Wands
 a - a wand of paralysis (9)
   (You found it on level 10 of the Dungeon)
 j - a wand of acid (1)
   (You found it on level 13 of the Dungeon)
 A - a wand of digging (5)
   (You found it in a Gauntlet)
 F - a wand of roots (3)
   (You found it on level 1 of the Lair of Beasts)
 H - a wand of mindburst (5)
   (You found it on level 5 of the Lair of Beasts)
 N - a wand of polymorph (6)
   (You found it in a Gauntlet)
 Y - a wand of flame (20)
   (You found it on level 12 of the Dungeon)
Scrolls
 d - 5 scrolls of fog
 h - a scroll of summoning
 l - 2 scrolls of amnesia
 u - 3 scrolls of enchant armour
 v - 2 scrolls of blinking {!r}
 y - 5 scrolls of identify
 z - 7 scrolls of teleportation
 C - 3 scrolls of poison {!r}
 J - a scroll of silence
 M - 2 scrolls of fear
 Q - a scroll of magic mapping {!r}
Potions
 b - 2 potions of magic
 c - 13 potions of curing
 g - 5 potions of mutation {!q}
 k - 4 potions of haste
 m - 4 potions of might
 n - 6 potions of cancellation
 o - 5 potions of brilliance
 p - 9 potions of heal wounds
 r - 3 potions of attraction {!q}
 s - 3 potions of flight
 x - a potion of resistance
 B - a potion of lignification {!q}
 V - a potion of invisibility
 Z - a potion of ambrosia
Miscellaneous
 w - a phial of floods
   (You found it on level 10 of the Dungeon)
 G - a piece from Xom's chessboard (15/15)
   (You found it on level 3 of the Lair of Beasts)
 T - a box of beasts
   (You found it on level 13 of the Dungeon)


   Skills:
 - Level 13.2 Fighting
 - Level 11.6 Staves
 - Level 7.0 Armour
 - Level 11.7 Dodging
 - Level 6.3 Stealth
 - Level 8.4 Spellcasting
 - Level 15.5 Necromancy
 + Level 8.2 Ice Magic
 - Level 9.2 Evocations


You had 8 spell levels left.
You knew the following spells:

 Your Spells              Type           Power      Damage    Failure   Level
a - Necrotise             Necr           100%       1d9       1%          1
b - Agony                 Necr           69%        N/A       1%          5
c - Dispel Undead         Necr           69%        3d23      1%          4
d - Simulacrum            Ice/Necr       29%        N/A       22%         6
x - Vampiric Draining     Necr           69%        2d10      1%          3
A - Animate Dead          Necr           69%        N/A       1%          4

Your spell library contained the following spells:

 Spells                   Type           Power      Damage    Failure   Level
 Kiss of Death            Conj/Necr      100%       2d13      1%          1
 Frozen Ramparts          Ice            94%        1d15      1%          3
 Ensorcelled Hibernation  Hex/Ice        56%        N/A       5%          2
 Anguish                  Hex/Necr       22%        N/A       8%          4
 Hailstorm                Conj/Ice       28%        3d8       11%         3
 Slow                     Hex            36%        N/A       19%         1
 Sting                    Tmut/Pois      36%        1d4       19%         1
 Borgnjor's Vile Clutch   Necr/Erth      22%        N/A       22%         5
 Blink                    Tloc           18%        N/A       28%         2
 Momentum Strike          Conj/Tloc      18%        3d8       28%         2
 Poisonous Vapours        Pois/Air       18%        N/A       28%         2
 Scorch                   Fire           18%        2d5       28%         2
 Confusing Touch          Hex            9%         N/A       50%         3
 Gell's Gravitas          Tloc           9%         N/A       50%         3
 Ignite Poison            Fire/Tmut/Pois 9%         N/A       50%         3
 Kindle Blastsparks       Fire/Tloc/Air  18%        2d11      50%         3
 Lesser Beckoning         Tloc           18%        N/A       50%         3
 Spider Form              Tmut/Pois      9%         N/A       50%         3
 Teleport Other           Tloc           9%         N/A       50%         3
 Freezing Cloud           Conj/Ice/Air   11%        6-21      86%         5
 Flame Wave               Conj/Fire      9%         2d6       88%         4
 Olgreb's Toxic Radiance  Pois           9%         N/A       88%         4
 Infestation              Necr           34%        N/A       91%         8
 Yara's Violent Unravell  Hex/Tmut       4%         3d4       99%         5
 Summon Cactus Giant      Summ           4%         N/A       100%        6
 Enfeeble                 Hex            4%         N/A       100%        7
 Haunt                    Necr/Summ      22%        N/A       100%        7


Dungeon Overview and Level Annotations

Branches:
Dungeon (15/15)            Temple (1/1) D:7            Lair (5/5) D:8
 Shoals (1/4) Lair:3       Spider (0/4) Lair:3          Orc (2/2) D:11
    Elf (0/3) Orc:2        Vaults (0/5) D:13         Depths (1/4) D:15
  Sewer (visited)         Gauntlet (visited)
  Slime: Lair:4-5

Altars:
Ashenzari
Cheibriados
Dithmenos
Elyvilon
Fedhas
Gozag
Hepliaklqana
Kikubaaqudgha
Makhleb
Nemelex Xobeh
Okawaru
Qazlal
Ru
Sif Muna
Trog
Uskayaw
Vehumet
Wu Jian
Xom
Yredelemnul
Zin
The Shining One

Shops:
D:5 (   D:7 (   Orc:1 (   Orc:2 [*(:

Annotations:
D:3 exclusion: downstairs
D:15 Louise
Lair:2 exclusion: 3 death yaks, Harold
Lair:3 3 runed translucent doors, Wirisus's ghost, journeyman GnHu


Innate Abilities, Weirdness & Mutations

You have a beak for a mouth.
You have claws for feet.
Your magical nature lets you fly swiftly and evasively.
You are partially covered in iridescent scales. (AC +2)
You are agile. (Dex +4, Str/Int -1)


Message History

a +0 trident; a merfolk corpse
Here: a sea snake simulacrum (heavily damaged, friendly) Some shallow water.
Unknown command.
Okay, then.
Found a stone staircase leading down.
A merfolk comes into view. It is wielding a +0 trident.
There is a stone staircase leading down here.
The helpless merfolk fails to defend itself.
You hit the merfolk.
The merfolk writhes in agony!
You claw the merfolk. Your peck misses the merfolk.
The merfolk barely misses you.
You hit the merfolk.
The merfolk writhes in agony.
Your kick misses the merfolk. You peck the merfolk, but do no damage.
The merfolk hits you with a +0 trident!
You take 13 damage, and have 91/104 hp.
You hit the merfolk.
The merfolk writhes in agony!
You claw the merfolk. You peck the merfolk, but do no damage.
Your sea snake simulacrum closely misses the merfolk.
The merfolk hits you with a +0 trident!
You take 16 damage, and have 75/104 hp.
You slash the merfolk!
The merfolk writhes in agony!
You kill the merfolk!
Kikubaaqudgha accepts your kill.
You hear a splash. x2
Things that are here:
a +0 trident; a boomerang; a merfolk corpse You now have 913 gold pieces (gained 18).
You start resting.
Health restored: 104
Okay, then.
A sea snake comes into view.
The sea snake hisses angrily.
Aim: a sea snake You miscast Simulacrum.
You are very lightly contaminated with residual magic.
A chill runs through your body! The sea snake bites you!
You are poisoned.
The sea snake poisons you!
You take 21 damage, and have 83/104 hp.
MASSIVE DAMAGE!!
You now have 23/29 mp.
Unknown command.
You slash the sea snake! Your kick misses the sea snake.
You peck the sea snake.
You feel extremely sick. The sea snake barely misses you.
You take 9 damage, and have 74/104 hp.
Aim: a sea snake (lightly wounded)
Okay, then.
Unknown command.
Aim: a sea snake (lightly wounded, chance to affect: 97%)
The sea snake barely resists.
You feel extremely sick. The sea snake completely misses you.
You take 8 damage, and have 66/104 hp.
You now have 19/29 mp.
Unknown command.
Unknown command.
Aim: a sea snake (lightly wounded, chance to affect: 97%)
The sea snake convulses!
You feel very sick. The sea snake misses you.
You take 5 damage, and have 61/104 hp.
You now have 15/29 mp.
Aim: a sea snake (heavily wounded)
You draw life force from the sea snake.
You feel life coursing into your body.
You feel very sick. The sea snake completely misses you.
You take 4 damage, and have 57/104 hp.
You now have 12/29 mp.
Aim: a sea snake (heavily wounded)
You draw life force from the sea snake!
You feel life coursing into your body.
You feel very sick. The sea snake bites you!
You take 11 damage, and have 46/104 hp.
You now have 10/29 mp.
You closely miss the sea snake. Your kick misses the sea snake.
Your peck misses the sea snake.
You feel sick. The sea snake bites you!
You are lethally poisoned!
The sea snake poisons you!
You take 11 damage, and have 35/104 hp.
You barely miss the sea snake.
You claw the sea snake, but do no damage.
Your peck misses the sea snake.
* * * LOW HITPOINT WARNING * * *
You feel extremely sick. The sea snake bites you.
* * * LOW HITPOINT WARNING * * *
You take 16 damage, and have 19/104 hp.
Unknown command.
Aim: a sea snake (severely wounded)
You draw life force from the sea snake!
You feel life coursing into your body!
* * * LOW HITPOINT WARNING * * *
You feel extremely sick. The sea snake bites you.
* * * LOW HITPOINT WARNING * * *
You are more poisoned.
The sea snake poisons you!
You take 8 damage, and have 11/104 hp.
You now have 9/29 mp.
Really read
v - 3 scrolls of blinking {!r}?
Blink to where?
As you read the scroll of blinking {!r}, it crumbles to dust.
You die...
Kikubaaqudgha rasps: "You have failed me!
Welcome... death!"

#...~~... ##.~ ........
≈ ...~ ##.....# .~≈
~.... ##...~..# ..~≈≈
.~~~.###..~~~..###..~≈≈
~~~
..........~~~.......≈≈≈≈
≈~~~
##...........~...~~≈≈≈≈
≈~~~
##.~..........@~~≈≈≈≈≈≈≈
≈~~~
..~~..S§.####..~~≈≈≈≈≈≈≈
~~~~ .≈≈~~..###
##..~~~~~~~~~~ ~~~
.~≈≈≈.. #..~~~~~~~~..~
~.. ..≈≈...
##..~~....... ≈≈≈....
##......... ≈...###
##...##... !.~.
#...###..# ≈≈≈
#.##...###..#


There were no monsters in sight!

Vanquished Creatures
  An orc warlord (Orc:2)
  A minotaur (Gauntlet)
  An ettin (Orc:1)
  A quicksilver dragon zombie (D:15)
  2 ogre magi
  2 hydras
  2 catoblepae (Lair:5)
  5 boulder beetles
  Erica (D:8)
  6 centaur warriors
  10 two-headed ogres
  2 tengu warriors
  15 death yaks
  3 orc high priests (Orc:2)
  A soul eater (Gauntlet)
  2 skeletal warriors (D:15)
  A fire crab (Gauntlet)
  A glowing orange brain (D:13)
  A sea snake (Shoals:1)
  A flayed ghost (D:15)
  5 orc knights
  2 necromancers
  A sphinx zombie (D:15)
  A wolf spider (Lair:3)
  3 deep elf pyromancers
  4 manticores
  An oklob plant (Gauntlet)
  9 ugly things
  A moth of wrath (shapeshifter) (D:13)
  3 cyclopes
  10 orc sorcerers
  4 fauns (Shoals:1)
  6 elephants
  A fire giant skeleton (D:15)
  3 merfolk sirens
  A water nymph (Shoals:1)
  4 black mambas
  3 torpor snails
  Maggie (D:8)
  4 demonic crawlers (D:13)
  10 cane toads
  An unseen horror (D:10)
  3 kobold demonologists
  5 rime drakes
  A freezing wraith (D:14)
  14 komodo dragons
  A tengu conjurer (D:12)
  4 trolls
  6 hornets
  3 wind drakes (Shoals:1)
  5 merfolk
  14 blink frogs
  8 slime creatures
  4 dream sheep (Lair:5)
  A spriggan zombie (D:15)
  50 yaks
  2 fire bats (Gauntlet)
  2 vampires (D:13)
  3 wraiths
  2 wyverns
  4 basilisks
  A redback (D:13)
  2 steam dragons (D:8)
  A warg (Orc:2)
  5 vampire mosquitoes
  2 acid dragons
  15 water moccasins
  3 floating eyes
  38 orc warriors
  A sky beast (D:7)
  A black bear (Lair:1)
  3 small abominations (D:13)
  Pargi (Sewer)
  5 boggarts (D:14)
  14 wolves
  13 centaurs
  8 ogres
  Blork the orc (D:6)
  9 bullfrogs
  3 kobold brigands
  A gnoll sergeant (D:11)
  2 necrophages
  2 scorpions
  4 wights (D:10)
  3 killer bees (D:9)
  7 howler monkeys
  7 hounds
  25 orc priests
  2 jellies
  2 iguanas (D:5)
  25 orc wizards
  4 adders
  5 gnolls (D:11)
  2 shadow imps (Gauntlet)
  An ufetubus (D:6)
  3 worms
  3 dart slugs
  75 orcs
  5 bats
  2 endoplasms
  6 giant cockroaches
  10 goblins
  4 hobgoblins
  7 jackals
  14 kobolds
  4 quokkas
  6 ball pythons
  10 frilled lizards
  6 rats
642 creatures vanquished.

Vanquished Creatures (collateral kills)
  A catoblepas (Lair:5)
  A death yak (Lair:2)
  Urug (Lair:4)
  An oklob plant (Lair:5)
  An ugly thing (D:15)
  4 cyclopes
  5 elephants
  A komodo dragon (Lair:5)
  A rime drake (Lair:4)
  A merfolk (Lair:3)
  A polar bear (Lair:5)
  10 blink frogs
  A slime creature (D:14)
  A snapping turtle (Shoals:1)
  6 dream sheep (Lair:5)
  A fire bat (Gauntlet)
  20 yaks
  A water moccasin (Lair:3)
  2 orc warriors
  4 wolves
  2 centaurs
  2 bullfrogs
  An orc wizard (Orc:2)
  7 orcs (Orc:2)
76 creatures vanquished.

Vanquished Creatures (others)
  A merfolk impaler (Shoals:1)
  3 ugly thing zombies
  A faun (Shoals:1)
  A catoblepas zombie (Lair:5)
  4 slime creature zombies (D:15)
  6 blink frog zombies
  2 water moccasin zombies (Lair:5)
  14 yak zombies
  8 wolf zombies
  3 centaur zombies (D:12)
  2 killer bee zombies (D:9)
  An ogre zombie (Orc:2)
  An orc (Orc:2)
  5 kobold zombies (D:10)
  44 orc zombies
  39 fungi
  53 plants
  3 withered plants (D:15)
191 creatures vanquished.

Grand Total: 909 creatures vanquished

Notes
Turn   | Place    | Note
-------+----------+-------------------------------------------
     0 | D:1      | MackTheKnife the Tengu Necromancer began the quest for the
                  | Orb.
     0 | D:1      | Reached XP level 1. HP: 10/10 MP: 4/4
   225 | D:1      | Reached XP level 2. HP: 15/15 MP: 3/6
   581 | D:1      | Reached XP level 3. HP: 11/19 MP: 1/7
   716 | D:1      | Reached skill level 5 in Necromancy
  1439 | D:2      | Reached skill level 3 in Spellcasting
  1778 | D:2      | Gained mutation: You are agile. (Dex +4, Str/Int -1)
                  | [potion of mutation]
  1778 | D:2      | Gained mutation: You are partially covered in iridescent
                  | scales. (AC +2) [potion of mutation]
  1864 | D:2      | Reached XP level 4. HP: 24/24 MP: 7/9
  2176 | D:3      | Found a hazy altar of Hepliaklqana.
  2364 | D:3      | Found a glowing drain.
  2368 | Sewer    | Entered a sewer
  2379 | Sewer    | Reached skill level 1 in Fighting
  2441 | Sewer    | Noticed Pargi
  2454 | Sewer    | Killed Pargi
  2455 | Sewer    | Reached skill level 2 in Fighting
  2455 | Sewer    | Reached skill level 3 in Dodging
  2455 | Sewer    | Gained mutation: Your magical nature lets you fly swiftly
                  | and evasively. [Tengu growth]
  2455 | Sewer    | Reached XP level 5. HP: 13/31 MP: 1/10
  2909 | D:3      | Reached XP level 6. HP: 36/36 MP: 6/11
  2910 | D:3      | Reached skill level 4 in Dodging
  2919 | D:3      | Reached skill level 3 in Fighting
  3561 | D:4      | Noticed a black bear
  3802 | D:4      | Reached skill level 4 in Fighting
  3802 | D:4      | Reached skill level 5 in Dodging
  3802 | D:4      | Reached XP level 7. HP: 43/43 MP: 12/12
  3992 | D:5      | Entered Level 5 of the Dungeon
  4048 | D:5      | HP: 8/44 [ogre/+0 giant club (22)]
  4149 | D:4      | Learned a level 3 spell: Vampiric Draining
  4362 | D:5      | Reached skill level 6 in Necromancy
  4362 | D:5      | Reached XP level 8. HP: 48/48 MP: 4/14
  4600 | D:5      | Reached skill level 5 in Fighting
  4696 | D:5      | Upgraded the game from 0.30-a0-347-gf58ed5266c to
                  | 0.30-a0-354-g6b83867211
  4754 | D:5      | Found Minal's Weapon Boutique.
  5286 | D:6      | Noticed Blork the orc
  5302 | D:6      | Killed Blork the orc
  5303 | D:6      | Reached skill level 7 in Necromancy
  5782 | D:6      | Reached skill level 6 in Fighting
  6104 | D:7      | Found a sparkling altar of Nemelex Xobeh.
  6104 | D:7      | Found a stormy altar of Qazlal.
  6105 | D:7      | Found a blossoming altar of Fedhas.
  6107 | D:7      | Found a radiant altar of Vehumet.
  6108 | D:7      | Found a shadowy altar of Dithmenos.
  6366 | D:7      | Found a staircase to the Ecumenical Temple.
  6466 | Temple   | Entered the Ecumenical Temple
  6603 | Temple   | Became a worshipper of Kikubaaqudgha
  6702 | D:7      | Reached skill level 8 in Necromancy
  6878 | D:7      | Reached XP level 9. HP: 56/56 MP: 5/15
  6884 | D:7      | Reached skill level 7 in Fighting
  7116 | D:7      | Found Etao's Weapon Shop.
  7263 | D:8      | Noticed a kobold demonologist
  7277 | D:8      | Noticed a rust devil
  7312 | D:8      | Killed a kobold demonologist
  7321 | D:8      | Reached skill level 9 in Necromancy
  7484 | D:8      | Noticed Erica
  7638 | D:8      | Reached skill level 8 in Fighting
  7785 | D:8      | Reached skill level 6 in Dodging
  7855 | D:8      | Noticed a komodo dragon
  7863 | D:8      | Killed a komodo dragon
  7864 | D:8      | Reached skill level 3 in Stealth
  7874 | D:8      | Noticed a komodo dragon
  7882 | D:8      | Killed a komodo dragon
  7883 | D:8      | Reached skill level 4 in Stealth
  7890 | D:8      | Noticed Maggie
  7899 | D:8      | Killed Maggie
  7899 | D:8      | Noticed a komodo dragon
  7900 | D:8      | Reached skill level 7 in Dodging
  7900 | D:8      | Reached skill level 5 in Stealth
  7900 | D:8      | Reached XP level 10. HP: 55/64 MP: 16/16
  7994 | D:8      | Reached skill level 8 in Dodging
  8001 | D:8      | Reached skill level 6 in Stealth
  8042 | D:8      | Found a staircase to the Lair.
  8059 | D:8      | Reached * piety under Kikubaaqudgha
  8059 | D:8      | Received a gift from Kikubaaqudgha
  8070 | D:8      | Learned a level 5 spell: Agony
  8075 | D:8      | Learned a level 4 spell: Animate Dead
  8246 | D:8      | HP: 14/64 [Erica/bolt of poison (6)]
  8617 | D:9      | Reached skill level 9 in Dodging
  9054 | D:10     | Entered Level 10 of the Dungeon
  9227 | D:10     | Noticed a two-headed ogre
  9244 | D:10     | Killed a two-headed ogre
  9386 | D:10     | Reached skill level 10 in Necromancy
  9414 | D:10     | Reached skill level 9 in Fighting
  9557 | D:10     | Reached XP level 11. HP: 65/71 MP: 17/17
  9777 | D:10     | Reached skill level 11 in Necromancy
 10098 | D:11     | Reached ** piety under Kikubaaqudgha
 10353 | D:11     | Identified a scroll of acquirement
 10355 | D:11     | Acquired a Trismegistus Codex
 10543 | D:11     | Reached skill level 10 in Fighting
 10615 | D:11     | Found a staircase to the Orcish Mines.
 10911 | Lair:1   | Entered Level 1 of the Lair of Beasts
 10946 | Lair:1   | Reached skill level 12 in Necromancy
 11328 | Lair:1   | Reached skill level 13 in Necromancy
 11347 | Lair:1   | Reached skill level 1 in Evocations
 11363 | Lair:1   | Reached skill level 2 in Evocations
 11849 | Lair:2   | Reached skill level 3 in Evocations
 11877 | Lair:2   | Noticed Harold
 11886 | Lair:2   | Noticed a death yak
 11886 | Lair:2   | Noticed a death yak
 11944 | Lair:2   | Reached skill level 4 in Evocations
 12029 | Lair:2   | Reached XP level 12. HP: 67/77 MP: 11/18
 12117 | Lair:2   | Reached skill level 5 in Evocations
 12236 | Lair:2   | Reached skill level 6 in Evocations
 12319 | Lair:2   | Noticed a death yak
 12357 | Lair:2   | Reached skill level 7 in Evocations
 12360 | Lair:2   | Reached *** piety under Kikubaaqudgha
 12360 | Lair:2   | Received a gift from Kikubaaqudgha
 12391 | Lair:2   | Reached skill level 8 in Evocations
 12693 | Lair:3   | Reached skill level 9 in Evocations
 12765 | Lair:3   | Found a hole to the Spider Nest.
 12837 | Lair:3   | Noticed a five-headed hydra
 12865 | Lair:3   | Learned a level 4 spell: Dispel Undead
 12903 | Lair:3   | Killed a five-headed hydra
 12981 | Lair:3   | Found a runed translucent gate.
 12981 | Lair:3   | Found a runed translucent gate.
 12981 | Lair:3   | Found a runed translucent gate.
 12989 | Lair:3   | Found a snail-covered altar of Cheibriados.
 13113 | Lair:3   | Noticed Wirisus's ghost (journeyman GnHu)
 13279 | Lair:3   | Found a staircase to the Shoals.
 13310 | Lair:3   | Reached skill level 10 in Dodging
 13318 | Lair:3   | Reached skill level 11 in Fighting
 13780 | Lair:3   | Reached XP level 13. HP: 84/84 MP: 9/19
 13952 | Lair:4   | Reached **** piety under Kikubaaqudgha
 13961 | Lair:4   | Reached skill level 11 in Dodging
 13997 | Lair:4   | Noticed Urug
 14035 | Lair:4   | Reached skill level 12 in Fighting
 14061 | Lair:4   | Killed Urug
 14534 | Lair:4   | Reached ***** piety under Kikubaaqudgha
 14734 | Lair:5   | Entered Level 5 of the Lair of Beasts
 14747 | Lair:5   | Reached skill level 13 in Fighting
 14933 | Lair:5   | Reached skill level 4 in Spellcasting
 15157 | Lair:5   | Reached skill level 5 in Spellcasting
 15378 | Lair:5   | Reached XP level 14. HP: 94/94 MP: 23/23
 15485 | Lair:5   | Reached skill level 6 in Spellcasting
 15485 | Lair:5   | Reached skill level 14 in Necromancy
 15909 | Lair:5   | Reached skill level 7 in Spellcasting
 16247 | Lair:5   | Reached skill level 15 in Necromancy
 16521 | D:8      | Killed Erica
 16586 | D:5      | Bought the +8 whip "Snakebite" {venom, curare, rPois} for
                  | 650 gold pieces
 16586 | D:5      | Found the +8 whip "Snakebite" {venom, curare, rPois}
 16586 | D:5      | Bought a +0 lajatang for 180 gold pieces
 16748 | Orc:1    | Entered Level 1 of the Orcish Mines
 16805 | Orc:2    | Entered Level 2 of the Orcish Mines
 16823 | Orc:2    | Found a gate leading to a gauntlet.
 16864 | Gauntlet | Entered a Gauntlet
 16864 | Gauntlet | Found a transporter.
 16864 | Gauntlet | Found a transporter.
 16864 | Gauntlet | Found a transporter.
 16887 | Gauntlet | Found a transporter.
 16889 | Gauntlet | Found a large runed translucent door.
 16890 | Gauntlet | Found a large runed translucent door.
 16891 | Gauntlet | Found a large runed translucent door.
 16891 | Gauntlet | Found a large runed translucent door.
 16891 | Gauntlet | Found a runed translucent door.
 16891 | Gauntlet | Found a runed translucent door.
 16892 | Gauntlet | Found a large runed translucent door.
 16893 | Gauntlet | Found a large runed translucent door.
 16893 | Gauntlet | Found a large runed translucent door.
 16893 | Gauntlet | Found a large runed translucent door.
 16893 | Gauntlet | Found a large runed translucent door.
 16893 | Gauntlet | Found a large runed translucent door.
 16894 | Gauntlet | Found a large runed translucent door.
 16895 | Gauntlet | Found a large runed translucent door.
 16898 | Gauntlet | Found a large runed translucent door.
 16898 | Gauntlet | Found a large runed translucent door.
 16899 | Gauntlet | Found a runed translucent gate.
 16899 | Gauntlet | Found a runed translucent gate.
 16901 | Gauntlet | Found a transporter.
 16908 | Gauntlet | Found a runed translucent gate.
 16911 | Gauntlet | Found a large runed translucent door.
 16912 | Gauntlet | Found a large runed translucent door.
 16916 | Gauntlet | Found a transporter.
 16976 | Gauntlet | Found a transporter.
 16976 | Gauntlet | Found a transporter.
 16986 | Gauntlet | Found a transporter.
 17007 | Gauntlet | Found a transporter.
 17014 | Gauntlet | Found a transporter.
 17023 | Gauntlet | Found a transporter.
 17121 | Gauntlet | Reached skill level 8 in Spellcasting
 17261 | Gauntlet | Reached ****** piety under Kikubaaqudgha
 17462 | Orc:2    | Identified a +2 lajatang of pain (a +0 lajatang bloodied by
                  | Kikubaaqudgha)
 17462 | Orc:2    | Received a gift from Kikubaaqudgha
 17613 | Orc:2    | Reached skill level 1 in Staves
 17641 | Orc:2    | Noticed an orc warlord
 17684 | Orc:2    | Found a staircase to the Elven Halls.
 17709 | Orc:2    | Reached skill level 2 in Staves
 17756 | Orc:2    | Reached skill level 3 in Staves
 17797 | Orc:2    | Killed an orc warlord
 17816 | Orc:2    | Reached skill level 4 in Staves
 17957 | Orc:2    | Reached skill level 5 in Staves
 17976 | Orc:2    | Reached XP level 15. HP: 62/99 MP: 24/28
 18103 | Orc:1    | Reached skill level 6 in Staves
 18172 | Orc:1    | HP: 13/97 [ettin/+0 dire flail (34)]
 18354 | Orc:1    | Found Inen's Weapon Boutique.
 18450 | Orc:1    | Paralysed by a floating eye for 3 turns
 18573 | Orc:2    | HP: 21/99 [orc priest/divine providence (15)]
 18574 | Orc:2    | Reached skill level 7 in Staves
 18926 | Orc:2    | Reached skill level 8 in Staves
 19003 | Orc:2    | Found Calec's Antique Armour Boutique.
 19009 | Orc:2    | Found Vagu's Antique Weapon Boutique.
 19010 | Orc:2    | Found Peucud's General Store.
 19010 | Orc:2    | Found Illaiq's Book Shop.
 19026 | Orc:2    | Bought an ichor-stained ring mail for 261 gold pieces
 19026 | Orc:2    | Identified the +2 ring mail of Abstinence {rElec rCorr}
                  | (You bought it in a shop on level 2 of the Orcish Mines)
 19214 | Orc:1    | Reached skill level 1 in Armour
 19214 | Orc:1    | Paralysed by something for 4 turns
 19293 | Orc:1    | Paralysed by something for 5 turns
 19300 | Orc:1    | Paralysed by a floating eye for 2 turns
 19469 | Orc:1    | Reached skill level 2 in Armour
 20029 | D:12     | Reached skill level 3 in Armour
 20322 | D:12     | Reached skill level 9 in Staves
 20737 | D:12     | Reached skill level 4 in Armour
 21772 | D:13     | Reached skill level 5 in Armour
 22120 | D:13     | HP: 21/99 [demonic crawler (9)]
 22384 | D:13     | Found a gate to the Vaults.
 22442 | D:13     | Reached skill level 10 in Staves
 22671 | D:13     | HP: 12/99 [centaur warrior/arrow (14)]
 22959 | D:13     | HP: 15/99 [redback (12)]
 23250 | D:13     | Reached skill level 6 in Armour
 23535 | D:13     | Got the Verses on the Frigid Mausoleum
 24019 | D:14     | Found an ornate altar of the Wu Jian Council.
 24285 | D:14     | Reached skill level 7 in Armour
 24391 | D:14     | Reached skill level 11 in Staves
 24721 | D:14     | Reached XP level 16. HP: 86/104 MP: 29/29
 24918 | D:15     | Entered Level 15 of the Dungeon
 25006 | D:15     | Reached skill level 1 in Ice Magic
 25095 | D:15     | Identified the +3 tower shield of Foolhardiness {rElec}
 25095 | D:15     | Noticed Louise
 25158 | D:15     | Reached skill level 2 in Ice Magic
 25175 | D:15     | HP: 15/103 [brown ugly thing (11)]
 25188 | D:15     | HP: 5/104 [centaur warrior/arrow (10)]
 25466 | D:15     | Reached skill level 3 in Ice Magic
 25581 | D:15     | Reached skill level 4 in Ice Magic
 26120 | D:15     | Reached skill level 5 in Ice Magic
 26255 | D:15     | Found a staircase to the Depths.
 26266 | D:15     | HP: 25/104 [spriggan berserker zombie (4)]
 26629 | D:15     | Reached skill level 6 in Ice Magic
 27044 | D:15     | Learned a level 6 spell: Simulacrum
 28152 | Lair:2   | Reached skill level 7 in Ice Magic
 28284 | Shoals:1 | Entered Level 1 of the Shoals
 28566 | Lair:3   | Upgraded the game from 0.30-a0-354-g6b83867211 to
                  | 0.30-a0-358-g0d69a1922f
 28985 | Depths:1 | Entered Level 1 of the Depths
 29484 | Shoals:1 | Reached skill level 8 in Ice Magic
 29870 | Shoals:1 | HP: 22/104 [poisoned by a sea snake]
 29872 | Shoals:1 | Succumbed to a sea snake's poison

Illustrated notes

Levels and vault maps discovered:
D:1:      beargit_arrival_greenhouse, layout_loops_ring, serial_forest,
          infiniplex_forest_end_1, infiniplex_forest_straight_2,
          infiniplex_forest_clump_diagonal, infiniplex_forest_end_2,
          infiniplex_forest_end_double, minmay_crystal_room,
          chequers_serial_rivers_small_a
D:2:      layout_basic, hangedman_decor_clover_reticule
D:3:      layout_loops_ring, mainiacjoe_overflow_small_starburst,
          gup_sewer_entry_bowl
D:4:      layout_cave_pools
D:5:      layout_basic, serial_shops, nicolae_take_the_stairs
D:6:      layout_loops_ring, uniq_blork_the_orc
D:7:      layout_loops_corners, grunt_temple_overflow_open,
          minmay_temple_entry_trees, serial_shops, shop
D:8:      layout_loops_cross, erik_lair_dragon, chequers_serial_rivers_micro_b,
          uniq_maggie, uniq_erica
D:9:      layout_basic
D:10:     layout_basic
D:11:     layout_long_grid, orc_0_dummy
D:12:     layout_long_grid
D:13:     cheibrodos_hippocracy, layout_loops_ring, david_vaults_1, drop_trap,
          hangedman_decor_riveting
D:14:     layout_irregular_city, basic_altar
D:15:     gammafunk_depths_entry_grave, layout_irregular_city,
          chequers_serial_rivers_micro_b, serial_park_tiny_2,
          minmay_variable_closet, uniq_louise
Temple:   eino_temple_rhombus
Lair:1:   layout_chaotic_city
Lair:2:   layout_long_grid, uniq_harold
Lair:3:   layout_chaotic_city, elwin_shoals_entry_stream,
          spider_nest_entry_rubble, gammafunk_ghost_icy, kennysheep_snail_temple
Lair:4:   layout_misc_corridors, uniq_urug
Lair:5:   evilmike_catoblepas_cave, layout_hall_layers,
          minmay_slime_entry_oklob_enclosed, grunt_forest_stairs_basic
Shoals:1: layout_shoals
Orc:1:    hellmonk_paralyzer, layout_diamond_mine, serial_shops,
          nicolae_shop_statue_plus
Orc:2:    st_orc_congregation, layout_diamond_mine, gauntlet_entry_generic
Depths:1: layout_basic, enter_ziggurat_f, grunt_decor_clamped,
          grunt_mini_vestibule, brannock_guarded_unrand_thermic_engine,
          grunt_megastairs_2, serial_bayou_shore_b, serial_bayou_shore_a,
          uniq_aizul

Skill      XL: |  1  2  3  4  5  6  7  8  9 10 11 12 13 14 15 16 |
---------------+-------------------------------------------------+-----
Necromancy     | 5 6 8 9 10 13 15 | 15.5
Spellcasting   | 3 5 8 |  8.4
Fighting       | 2 4 6 8 9 10 11 13 | 13.2
Dodging        | 3 5 7 9 10 11 | 11.7
Stealth        | 5 6 |  6.3
Evocations     | 4 9 |  9.2
Staves         | 5 11 | 11.6
Armour         | 7 |  7.0
Ice Magic      | 8 |  8.2

Action                   |  1- 3 |  4- 6 |  7- 9 | 10-12 | 13-15 | 16-18 || total
-------------------------+-------+-------+-------+-------+-------+-------++-------
Melee: Club              |    40 |       |       |       |       |       ||    40
       Kick              |    11 |    25 |    82 |   204 |   456 |   101 ||   879
       Peck              |     6 |    15 |    41 |   130 |   335 |    71 ||   598
       Punch             |     1 |     1 |     3 |     8 |     9 |       ||    22
       Whip              |    12 |    81 |   166 |       |   116 |       ||   375
       Dagger            |       |       |    30 |   486 |   410 |       ||   926
       Lajatang          |       |       |       |       |   669 |   213 ||   882
 Cast: Necrotise         |    55 |    53 |    98 |    73 |    36 |     8 ||   323
       Vampiric Draining |       |       |    21 |    62 |    92 |    17 ||   192
       Animate Dead      |       |       |       |    13 |    28 |     4 ||    45
       Agony             |       |       |       |    20 |    63 |    16 ||    99
       Dispel Undead     |       |       |       |       |     2 |    15 ||    17
       Simulacrum        |       |       |       |       |       |     1 ||     1
Invok: Brand Weapon With |       |       |       |       |     1 |       ||     1
       Unearth Wretches  |       |       |       |       |       |     2 ||     2
Evoke: Wand              |       |       |     8 |     6 |    21 |       ||    35
       Phial of floods   |       |       |       |     1 |     4 |       ||     5
  Use: Scroll            |     7 |     7 |     8 |     8 |     9 |     3 ||    42
       Potion            |     1 |       |       |       |     2 |       ||     3
 Stab: Distracted        |     1 |       |     1 |     2 |    12 |     4 ||    20
       Sleeping          |       |       |     2 |     9 |     2 |     3 ||    16
       Paralysed         |       |       |    15 |     2 |     7 |     3 ||    27
Armor: Robe              |    12 |       |       |       |       |       ||    12
       Leather armour    |     8 |    13 |       |       |       |       ||    21
       Troll leather arm |       |    25 |    81 |   147 |   263 |       ||   516
       Ring mail         |       |       |       |       |   226 |    66 ||   292
Dodge: Dodged            |    32 |    78 |   180 |   603 |  1669 |   159 ||  2721

Table legend: (Time is in decaauts)
 A = Elapsed time spent in this place.
 B = Non-inter-level travel time spent in this place.
 C = Inter-level travel time spent in this place.
 D = Time resting spent in this place.
 E = Time spent auto-exploring this place.
 F = Levels seen in this place.
 G = Mean time per level.
                   A        B        C        D        E       F      G
               +--------+--------+--------+--------+--------+-----+--------+
         Total |  28307 |  25489 |   2818 |   5047 |  12710 |  27 | 1048.4 |
       Dungeon |  18395 |  16114 |   2281 |   3635 |   9094 |  15 | 1226.3 |
        Temple |    129 |    125 |      4 |      0 |     28 |   1 |  129.0 |
          Lair |   5672 |   5249 |    423 |    476 |   2734 |   5 | 1134.4 |
        Shoals |    653 |    651 |      2 |    200 |    138 |   1 |  653.0 |
  Orcish Mines |   2542 |   2435 |    107 |    541 |    565 |   2 | 1271.0 |
        Depths |     32 |     32 |      0 |      0 |      0 |   1 |   32.0 |
         Sewer |    379 |    379 |      0 |    125 |    143 |   1 |  379.0 |
      Gauntlet |    502 |    502 |      0 |     68 |      5 |   1 |  502.0 |
               +--------+--------+--------+--------+--------+-----+--------+

Top non-repeatable levels by time:
    D:13: 2268 daAuts
    D:14: 2025 daAuts
     D:8: 1780 daAuts
    D:15: 1638 daAuts
    D:12: 1487 daAuts
  Lair:5: 1471 daAuts
  Lair:3: 1445 daAuts
   Orc:1: 1416 daAuts
     D:1: 1288 daAuts
   Orc:2: 1126 daAuts
  Lair:2: 1043 daAuts
     D:3: 1037 daAuts
     D:7: 998 daAuts
     D:6: 989 daAuts
    D:10: 971 daAuts

Table legend:
 A = Kills in this place as a percentage of kills in entire the game.
 B = Kills by you in this place as a percentage of kills by you in the entire game.
 C = Kills by friends in this place as a percentage of kills by friends in the entire game.
 D = Other kills in this place as a percentage of other kills in the entire game.
 E = Experience gained in this place as a percentage of experience gained in the entire game.
 F = Experience gained in this place divided by the number of levels of this place that you have seen.
                   A       B       C       D       E      F
               +-------+-------+-------+-------+-------+----------------------
         Total | 100.0 | 100.0 | 100.0 |   N/A | 100.0 | 5945.9
       Dungeon |  45.9 |  49.1 |  18.4 |   N/A |  39.9 | 4270.7
          Lair |  28.0 |  23.6 |  64.5 |   N/A |  39.9 | 12822.4
        Shoals |   1.7 |   1.7 |   1.3 |   N/A |   2.9 | 4582.0
  Orcish Mines |  21.0 |  22.1 |  11.8 |   N/A |  14.1 | 11308.5
         Sewer |   1.4 |   1.6 |   0.0 |   N/A |   0.1 | 163.0
      Gauntlet |   2.1 |   1.9 |   3.9 |   N/A |   3.1 | 5004.0
               +-------+-------+-------+-------+-------+----------------------
